Washington Capitals vs Montreal Canadiens
Created - Thursday, March 5, 2026 at 07:34
Goals
|
| Washington Capitals |
2 |
0 |
0 |
2 |
| Montreal Canadiens |
0 |
2 |
2 |
4 |
|
Shots
|
| Washington Capitals |
18 |
10 |
5 |
33 |
| Montreal Canadiens |
12 |
13 |
11 |
36 |
|
1st period
1. Washington Capitals , Tom Wilson 16 (Alex Ovechkin 23, Shane Pinto 17) at 9:36
2. Washington Capitals , Tomas Hertl 13 (Jason Robertson 18, Frederick Gaudreau 6) at 17:49
Penalties :
Matt Duchene (MTL) for Fighting (Major) at 0:30, Ian Cole (WSH) for Fighting (Major) at 0:30, Brad Marchand (MTL) for High sticking (Minor) at 7:31
2nd period
3. Montreal Canadiens , Brad Marchand 21 (Matt Duchene 16) at 10:07
4. Montreal Canadiens , Fyodor Svechkov 1 (Adam Fox 3) at 12:48
Penalties :
Tom Wilson (WSH) for High sticking (Minor) at 6:07
3rd period
5. Montreal Canadiens , Arttu Hyry 2 (Lane Hutson 13) at 7:27
6. Montreal Canadiens , Damon Severson 2 (Martin Necas 17, Matt Duchene 17) at 19:36 (PP)
Penalties :
Jamie Oleksiak (WSH) for Goalie Interference (Minor) at 1:20, Jamie Oleksiak (WSH) for Interference (Minor) at 8:19, Stefan Noesen (WSH) for High sticking (Minor) at 14:04, Tom Wilson (WSH) for Tripping (Minor) at 19:13
Goalie Stats
Casey DeSmith (WSH), 32 saves from 36 shots - (0.889), L, 5-5-0, 59:31 minutes
Lukas Dostal (MTL), 31 saves from 33 shots - (0.939), W, 10-4-2, 60:00 minutes
Players Stats for Washington Capitals
Player Name G A P +/- PIM S H SB GA TA FO MP PP MP PK MP
------------------------------------------------------------------------------------
Alex Ovechkin 0 1 1 1 0 3 2 0 0 0 1/2 14:28 1:33 0:00
Drake Batherson 0 0 0 -1 0 1 1 0 1 0 0/0 9:43 0:26 0:17
Frederick Gaudreau 0 1 1 -1 0 0 0 0 1 0 4/9 16:52 0:00 3:41
Ian Cole 0 0 0 0 5 1 2 2 0 1 0/0 19:42 0:00 4:06
Jamie Oleksiak 0 0 0 0 4 0 0 1 0 1 0/0 20:47 0:00 2:22
Jason Robertson 0 1 1 1 0 1 0 0 1 0 0/0 16:40 1:59 0:00
John Carlson 0 0 0 1 0 2 1 1 0 0 0/0 24:50 1:59 4:13
Lars Eller 0 0 0 -1 0 1 0 0 0 0 4/6 9:51 0:00 0:40
Marco Rossi 0 0 0 -1 0 3 1 0 1 0 2/13 13:01 0:00 0:00
Nick Foligno 0 0 0 0 0 2 2 0 0 0 1/2 18:49 0:26 3:59
Nick Jensen 0 0 0 -2 0 3 0 0 0 0 0/0 16:02 0:00 1:23
Nikita Zadorov 0 0 0 -2 0 1 2 0 0 1 0/0 16:01 0:00 0:28
Sean Kuraly 0 0 0 -1 0 2 0 0 0 0 0/0 9:51 0:00 1:06
Shane Pinto 0 1 1 1 0 0 3 0 0 1 9/17 18:23 1:33 4:05
Stefan Noesen 0 0 0 -1 2 1 1 1 1 0 0/0 13:10 0:00 0:00
Tom Wilson 1 0 1 1 4 7 1 0 0 0 0/0 17:53 1:33 2:50
Tomas Hertl 1 0 1 0 0 5 3 1 1 0 12/23 15:01 0:26 0:00
Tyler Myers 0 0 0 0 0 0 3 2 0 0 0/0 20:31 0:00 4:06
Players Stats for Montreal Canadiens
Player Name G A P +/- PIM S H SB GA TA FO MP PP MP PK MP
------------------------------------------------------------------------------------
Adam Fox 0 1 1 0 0 1 0 1 0 0 0/0 17:08 4:27 0:00
Arttu Hyry 1 0 1 1 0 5 4 0 0 2 0/0 9:46 0:08 0:00
Brad Marchand 1 0 1 0 2 4 1 1 0 0 0/0 18:13 4:10 0:00
Brady Skjei 0 0 0 0 0 0 1 1 0 0 0/0 26:01 3:52 0:46
Damon Severson 1 0 1 1 0 2 2 1 1 1 0/0 21:16 3:52 1:13
Drew O'Connor 0 0 0 0 0 3 1 0 0 0 0/0 13:19 0:00 0:46
Evgeni Dadonov 0 0 0 -1 0 1 0 0 0 0 2/2 14:17 0:12 0:19
Fyodor Svechkov 1 0 1 1 0 5 1 0 0 0 3/6 9:46 0:08 0:00
Josh Manson 0 0 0 0 0 0 3 0 1 1 0/0 15:44 0:00 0:46
Juraj Slafkovsky 0 0 0 0 0 2 1 0 0 0 0/0 17:23 4:10 0:00
Justin Hryckowian 0 0 0 1 0 0 0 0 0 0 0/0 8:53 0:00 0:00
Lane Hutson 0 1 1 1 0 0 0 1 0 0 0/0 19:22 4:27 0:00
Macklin Celebrini 0 0 0 0 0 5 1 0 0 0 11/22 19:29 4:10 0:54
Martin Necas 0 1 1 0 0 2 1 0 2 0 1/1 17:33 4:01 0:00
Matt Duchene 0 2 2 0 5 3 0 0 0 0 13/27 18:02 4:01 1:13
Owen Power 0 0 0 0 0 1 0 0 0 1 0/0 20:29 0:00 1:13
Patrik Laine 0 0 0 1 0 1 2 0 0 0 0/1 17:59 3:57 0:00
Teddy Blueger 0 0 0 0 0 1 2 1 0 1 9/13 13:19 0:00 0:46
3 Stars
1 - Arttu Hyry (MTL)
2 - Damon Severson (MTL)
3 - Fyodor Svechkov (MTL)
Power Play
Washington Capitals - 0 on 1 Attempt(s) - 0.00%
Montreal Canadiens - 1 on 5 Attempt(s) - 20.00%
Penalty Kill
Washington Capitals - 4 on 5 Attempt(s) - 80.00%
- Score 0 goal in Penalty Kill
Montreal Canadiens - 1 on 1 Attempt(s) - 100.00%
- Score 0 goal in Penalty Kill
Team Stat
Washington Capitals - Hits : 22 - Faceoff Wins : 33 - Blocked Shots : 8 - Penalty Minutes : 15
Montreal Canadiens - Hits : 20 - Faceoff Wins : 39 - Blocked Shots : 6 - Penalty Minutes : 7
Official
Referees : Justin Kea and Kelly Sutherland
Linesman : Tyson Baker and Mark Shewchyk
Game Notes
Matt Duchene and Ian Cole fight to a draw at 0:30 of 1st period
Finance
Level 1 -- Attendance: 5156 (85.93%) -- Ticket Income $479,508
Level 2 -- Attendance: 4565 (91.30%) -- Ticket Income $241,945
Level 3 -- Attendance: 2702 (90.07%) -- Ticket Income $86,464
Level 4 -- Attendance: 4526 (90.52%) -- Ticket Income $99,572
Luxury Box -- Attendance: 829 (82.90%) -- Ticket Income $161,655
Game was played at the Bell Centre.
Total Attendance: 17778 (88.89%)
Total Ticket Income: $1,069,144
Other Income: $374,200
Total Income: $1,443,344
Washington Capitals
5 vs 5 Forward
Center Left Wing Right Wing Time % Phy DF OF
1 Tomas Hertl Jason Robertson Nick Foligno 30 0 3 2
2 Shane Pinto Alex Ovechkin Tom Wilson 29 0 2 3
3 Marco Rossi Frederick Gaudreau Stefan Noesen 28 0 2 3
4 Lars Eller Sean Kuraly Drake Batherson 13 1 2 2
5 vs 5 Defense
Defense Defense Time % Phy DF OF
1 John Carlson Jamie Oleksiak 37 0 3 2
2 Tyler Myers Ian Cole 34 0 3 2
3 Nikita Zadorov Nick Jensen 29 1 3 1
4 Nikita Zadorov Nick Jensen 0 1 2 2
PowerPlay Forward
Center Left Wing Right Wing Time % Phy DF OF
1 Tomas Hertl Drake Batherson Nick Foligno 50 0 1 4
2 Shane Pinto Alex Ovechkin Tom Wilson 50 0 1 4
PowerPlay Defense
Defense Defense Time % Phy DF OF
1 John Carlson Jason Robertson 50 0 2 3
2 Tyler Myers Marco Rossi 50 0 2 3
Penalty Kill 4 Players Forward
Center Wing Time % Phy DF OF
1 Frederick Gaudreau Nick Foligno 50 0 4 1
2 Shane Pinto Tom Wilson 50 0 4 1
Penalty Kill 4 Players Defense
Defense Defense Time % Phy DF OF
1 John Carlson Jamie Oleksiak 50 1 4 0
2 Tyler Myers Ian Cole 50 1 4 0
Penalty Kill - 3 Players Forward
Forward Time % Phy DF OF
1 Frederick Gaudreau 50 0 5 0
2 Shane Pinto 50 1 2 2
Penalty Kill - 3 Players Defense
Defense Defense Time % Phy DF OF
1 John Carlson Nikita Zadorov 50 1 4 0
2 Tyler Myers Ian Cole 50 1 4 0
4 vs 4 Forward
Center Wing Time % Phy DF OF
1 Tomas Hertl Jason Robertson 50 1 1 3
2 Shane Pinto Alex Ovechkin 50 1 1 3
4 vs 4 Defense
Defense Defense Time % Phy DF OF
1 John Carlson Jamie Oleksiak 50 1 2 2
2 Tyler Myers Nick Jensen 50 1 2 2
Last Minutes Offensive
Center Left Wing Right Wing Defense Defense
Tomas Hertl Alex Ovechkin Tom Wilson John Carlson Jason Robertson
Last Minutes Defensive
Center Left Wing Right Wing Defense Defense
Shane Pinto Frederick Gaudreau Nick Foligno Ian Cole Jamie Oleksiak
Goaltenders
Starting : Casey DeSmith
Backup : Jake Oettinger
Extra Forwards
Normal : Sean Kuraly, Lars Eller, Stefan Noesen - PP : Stefan Noesen, Frederick Gaudreau - PK : Sean Kuraly
Extra Defensemen
Normal : Nikita Zadorov, Nick Jensen, Ian Cole - PP : Nick Jensen - PK : Nick Jensen, Nikita Zadorov
Penalty Shots
Jason Robertson, Frederick Gaudreau, Lars Eller, Alex Ovechkin, Drake Batherson
Scratches
Noah Warren (Healthy), Fabian Zetterlund (Healthy)
Montreal Canadiens
5 vs 5 Forward
Center Left Wing Right Wing Time % Phy DF OF
1 Macklin Celebrini Juraj Slafkovsky Martin Necas 30 0 0 5
2 Matt Duchene Brad Marchand Patrik Laine 30 0 0 5
3 Teddy Blueger Evgeni Dadonov Drew O'Connor 25 0 2 3
4 Fyodor Svechkov Justin Hryckowian Arttu Hyry 15 0 4 1
5 vs 5 Defense
Defense Defense Time % Phy DF OF
1 Josh Manson Lane Hutson 30 1 2 2
2 Brady Skjei Damon Severson 30 1 2 2
3 Adam Fox Owen Power 25 1 2 2
4 Brady Skjei Owen Power 15 1 3 1
PowerPlay Forward
Center Left Wing Right Wing Time % Phy DF OF
1 Macklin Celebrini Juraj Slafkovsky Brad Marchand 50 0 0 5
2 Matt Duchene Patrik Laine Martin Necas 50 0 0 5
PowerPlay Defense
Defense Defense Time % Phy DF OF
1 Adam Fox Lane Hutson 50 0 0 5
2 Brady Skjei Damon Severson 50 0 0 5
Penalty Kill 4 Players Forward
Center Wing Time % Phy DF OF
1 Matt Duchene Brad Marchand 50 0 5 0
2 Teddy Blueger Drew O'Connor 50 0 5 0
Penalty Kill 4 Players Defense
Defense Defense Time % Phy DF OF
1 Josh Manson Brady Skjei 50 0 5 0
2 Owen Power Damon Severson 50 0 5 0
Penalty Kill - 3 Players Forward
Forward Time % Phy DF OF
1 Teddy Blueger 50 0 5 0
2 Drew O'Connor 50 0 5 0
Penalty Kill - 3 Players Defense
Defense Defense Time % Phy DF OF
1 Josh Manson Brady Skjei 50 0 5 0
2 Owen Power Damon Severson 50 0 5 0
4 vs 4 Forward
Center Wing Time % Phy DF OF
1 Macklin Celebrini Martin Necas 50 1 2 2
2 Matt Duchene Brad Marchand 50 1 2 2
4 vs 4 Defense
Defense Defense Time % Phy DF OF
1 Lane Hutson Adam Fox 50 1 2 2
2 Brady Skjei Damon Severson 50 1 2 2
Last Minutes Offensive
Center Left Wing Right Wing Defense Defense
Macklin Celebrini Matt Duchene Brad Marchand Lane Hutson Adam Fox
Last Minutes Defensive
Center Left Wing Right Wing Defense Defense
Teddy Blueger Evgeni Dadonov Drew O'Connor Brady Skjei Owen Power
Goaltenders
Starting : Lukas Dostal
Backup : Stuart Skinner
Extra Forwards
Normal : Macklin Celebrini, Brad Marchand, Matt Duchene - PP : Macklin Celebrini, Brad Marchand - PK : Macklin Celebrini
Extra Defensemen
Normal : Brady Skjei, Owen Power, Damon Severson - PP : Lane Hutson - PK : Brady Skjei, Owen Power
Penalty Shots
Brad Marchand, Teddy Blueger, Matt Duchene, Macklin Celebrini, Patrik Laine
Scratches
Ryan Poehling (Healthy), Pyotr Kochetkov (Healthy)
% Time on Ice - Washington Capitals
Lines # - Real PCT - Wanted PCT - Time Play
Normal Forward
1 - 30% - 30% - 14:35
2 - 27% - 29% - 13:11
3 - 26% - 28% - 13:01
4 - 17% - 13% - 8:34
Normal Defense
1 - 37% - 37% - 18:17
2 - 33% - 34% - 16:25
3 - 28% - 29% - 13:57
4 - 1% - 0% - 0:42
PP Forward
1 - 22% - 50% - 0:26
2 - 78% - 50% - 1:33
PP Defense
1 - 100% - 50% - 1:59
2 - 0% - 50% - 0:00
PK Forward
1 - 45% - 50% - 3:45
2 - 55% - 50% - 4:34
PK Defense
1 - 51% - 50% - 4:13
2 - 49% - 50% - 4:06
PK3 Forward
1 - 0% - 50%
2 - 0% - 50%
PK3 Defense
1 - 0% - 50%
2 - 0% - 50%
44 Forward
1 - 0% - 50%
2 - 0% - 50%
44 Defense
1 - 0% - 50%
2 - 0% - 50%
Last Minute Offensive - 0:21
Last Minute Defensive - 0:00
Total
Forward - 60:00
Defense - 60:00
|
% Time on Ice - Montreal Canadiens
Lines # - Real PCT - Wanted PCT - Time Play
Normal Forward
1 - 28% - 30% - 14:04
2 - 29% - 30% - 14:12
3 - 25% - 25% - 12:14
4 - 18% - 15% - 8:53
Normal Defense
1 - 30% - 30% - 15:01
2 - 33% - 30% - 16:11
3 - 26% - 25% - 12:38
4 - 11% - 15% - 5:33
PP Forward
1 - 52% - 50% - 4:18
2 - 48% - 50% - 4:01
PP Defense
1 - 54% - 50% - 4:27
2 - 46% - 50% - 3:52
PK Forward
1 - 61% - 50% - 1:13
2 - 39% - 50% - 0:46
PK Defense
1 - 39% - 50% - 0:46
2 - 61% - 50% - 1:13
PK3 Forward
1 - 0% - 50%
2 - 0% - 50%
PK3 Defense
1 - 0% - 50%
2 - 0% - 50%
44 Forward
1 - 0% - 50%
2 - 0% - 50%
44 Defense
1 - 0% - 50%
2 - 0% - 50%
Last Minute Offensive - 0:00
Last Minute Defensive - 0:19
Total
Forward - 60:00
Defense - 60:00
|
Play-by-Play
1st period
0:01 of 1st period - Tomas Hertl wins face-off versus Macklin Celebrini in neutral zone.
0:06 of 1st period - Snap shot by Tomas Hertl.
0:06 of 1st period - Stopped by Lukas Dostal with a rebound.
0:08 of 1st period - Snap shot by John Carlson.
0:08 of 1st period - Stopped by Lukas Dostal without a rebound.
0:09 of 1st period - Nick Foligno wins face-off versus Macklin Celebrini in Montreal Canadiens zone.
0:14 of 1st period - Wrist shot by Tomas Hertl.
0:14 of 1st period - Stopped by Lukas Dostal with a rebound.
0:16 of 1st period - Snap shot by Tomas Hertl.
0:16 of 1st period - Stopped by Lukas Dostal with a rebound.
0:18 of 1st period - Wrist shot by Nick Foligno.
0:18 of 1st period - Shot Misses the Net.
0:20 of 1st period - Slapshot by John Carlson.
0:20 of 1st period - Stopped by Lukas Dostal with a rebound.
0:24 of 1st period - Snap shot by Jason Robertson.
0:24 of 1st period - Deflect By Tomas Hertl.
0:24 of 1st period - Shot Blocked by Lane Hutson.
0:24 of 1st period - Puck is out of play.
0:25 of 1st period - Matt Duchene wins face-off versus Shane Pinto in Montreal Canadiens zone.
0:25 of 1st period - Matt Duchene is hit by Tyler Myers.
0:30 of 1st period - Matt Duchene and Ian Cole fight to a draw.
0:30 of 1st period - Penalty to Matt Duchene for Fighting.
0:30 of 1st period - Penalty to Ian Cole for Fighting.
0:31 of 1st period - Teddy Blueger wins face-off versus Marco Rossi in Washington Capitals zone.
0:43 of 1st period - Off-side.
0:44 of 1st period - Shane Pinto wins face-off versus Macklin Celebrini in neutral zone.
0:47 of 1st period - Snap shot by Tom Wilson.
0:47 of 1st period - Shot Misses the Net.
0:49 of 1st period - Slapshot by Tyler Myers.
0:49 of 1st period - Shot Misses the Net.
0:51 of 1st period - Wrist shot by Shane Pinto.
0:51 of 1st period - Shot Blocked by Brady Skjei.
0:53 of 1st period - Snap shot by Alex Ovechkin.
0:53 of 1st period - Stopped by Lukas Dostal without a rebound.
0:54 of 1st period - Macklin Celebrini wins face-off versus Shane Pinto in Montreal Canadiens zone.
1:15 of 1st period - Snap shot by Tom Wilson.
1:15 of 1st period - Stopped by Lukas Dostal without a rebound.
1:16 of 1st period - Lars Eller wins face-off versus Fyodor Svechkov in Montreal Canadiens zone.
1:29 of 1st period - Snap shot by Drake Batherson.
1:29 of 1st period - Deflect By Lars Eller.
1:29 of 1st period - Stopped by Lukas Dostal without a rebound.
1:30 of 1st period - Teddy Blueger wins face-off versus Marco Rossi in Montreal Canadiens zone.
1:30 of 1st period - Teddy Blueger is hit by Marco Rossi.
2:34 of 1st period - Icing by Nikita Zadorov.
2:35 of 1st period - Lars Eller wins face-off versus Macklin Celebrini in Washington Capitals zone.
3:02 of 1st period - Nikita Zadorov is hit by Arttu Hyry and loses puck.
3:22 of 1st period - Icing by Nikita Zadorov.
3:23 of 1st period - Evgeni Dadonov wins face-off versus Shane Pinto in Washington Capitals zone.
3:28 of 1st period - Snap shot by Evgeni Dadonov.
3:28 of 1st period - Shot Misses the Net.
3:58 of 1st period - Snap shot by Stefan Noesen.
3:58 of 1st period - Stopped by Lukas Dostal without a rebound.
3:59 of 1st period - Tomas Hertl wins face-off versus Macklin Celebrini in Montreal Canadiens zone.
4:12 of 1st period - Snap shot by Jason Robertson.
4:12 of 1st period - Shot Blocked by Brad Marchand.
5:13 of 1st period - Tom Wilson is hit by Fyodor Svechkov and loses puck.
6:07 of 1st period - Wrist shot by Brad Marchand.
6:07 of 1st period - Shot Blocked by Ian Cole.
6:23 of 1st period - Snap shot by Arttu Hyry.
6:23 of 1st period - Stopped by Casey DeSmith with a rebound.
6:29 of 1st period - Snap shot by Fyodor Svechkov.
6:29 of 1st period - Stopped by Casey DeSmith with a rebound.
6:31 of 1st period - Wrist shot by Fyodor Svechkov.
6:31 of 1st period - Shot Hit the Post.
6:33 of 1st period - Slapshot by Damon Severson.
6:33 of 1st period - Stopped by Casey DeSmith with a rebound.
6:40 of 1st period - Icing by Ian Cole.
6:41 of 1st period - Martin Necas wins face-off versus Tomas Hertl in Washington Capitals zone.
6:42 of 1st period - Snap shot by Juraj Slafkovsky.
6:42 of 1st period - Deflect By Martin Necas.
6:42 of 1st period - Shot Misses the Net.
6:42 of 1st period - Puck is out of play.
6:43 of 1st period - Macklin Celebrini wins face-off versus Marco Rossi in Washington Capitals zone.
6:46 of 1st period - Backhand shot by Martin Necas.
6:46 of 1st period - Stopped by Casey DeSmith without a rebound.
6:47 of 1st period - Macklin Celebrini wins face-off versus Marco Rossi in Washington Capitals zone.
6:54 of 1st period - Snap shot by Martin Necas.
6:54 of 1st period - Shot Misses the Net.
7:02 of 1st period - Snap shot by Macklin Celebrini.
7:02 of 1st period - Stopped by Casey DeSmith with a rebound.
7:04 of 1st period - Slapshot by Owen Power.
7:04 of 1st period - Shot Hit the Post.
7:14 of 1st period - Wrist shot by Alex Ovechkin.
7:14 of 1st period - Shot Misses the Net.
7:16 of 1st period - Slapshot by Nick Jensen.
7:16 of 1st period - Stopped by Lukas Dostal with a rebound.
7:18 of 1st period - Wrist shot by Alex Ovechkin.
7:18 of 1st period - Shot Misses the Net.
7:20 of 1st period - Slapshot by Nikita Zadorov.
7:20 of 1st period - Stopped by Lukas Dostal without a rebound.
7:21 of 1st period - Matt Duchene wins face-off versus Shane Pinto in Montreal Canadiens zone.
7:31 of 1st period - Minor Penalty to Brad Marchand for High sticking.
7:32 of 1st period - Matt Duchene wins face-off versus Nick Foligno in Montreal Canadiens zone.
7:32 of 1st period - Matt Duchene is hit by Tomas Hertl.
7:43 of 1st period - Drew O'Connor is hit by Drake Batherson and loses puck.
8:11 of 1st period - Icing by Tom Wilson.
8:12 of 1st period - Matt Duchene wins face-off versus Shane Pinto in Washington Capitals zone.
8:13 of 1st period - Snap shot by Macklin Celebrini.
8:13 of 1st period - Stopped by Casey DeSmith with a rebound.
8:49 of 1st period - Drew O'Connor is hit by Alex Ovechkin.
8:53 of 1st period - Owen Power is hit by Shane Pinto and loses puck.
9:02 of 1st period - Slapshot by Alex Ovechkin.
9:02 of 1st period - Shot Misses the Net.
9:15 of 1st period - Icing by John Carlson.
9:16 of 1st period - Shane Pinto wins face-off versus Matt Duchene in Washington Capitals zone.
9:16 of 1st period - Shane Pinto is hit by Josh Manson.
9:31 of 1st period - Penalty to Brad Marchand is over, Brad Marchand is back on ice.
9:36 of 1st period - Slapshot by Tom Wilson.
9:36 of 1st period - Goal by Tom Wilson - Washington Capitals : 1 - Montreal Canadiens : 0.
9:37 of 1st period - Macklin Celebrini wins face-off versus Marco Rossi in neutral zone.
10:13 of 1st period - Snap shot by Marco Rossi.
10:13 of 1st period - Stopped by Lukas Dostal without a rebound.
10:14 of 1st period - Lars Eller wins face-off versus Matt Duchene in Montreal Canadiens zone.
10:45 of 1st period - Snap shot by Macklin Celebrini.
10:45 of 1st period - Shot Misses the Net.
10:47 of 1st period - Snap shot by Macklin Celebrini.
10:47 of 1st period - Stopped by Casey DeSmith without a rebound.
10:48 of 1st period - Teddy Blueger wins face-off versus Shane Pinto in Washington Capitals zone.
11:07 of 1st period - Evgeni Dadonov is hit by Tom Wilson and loses puck.
11:13 of 1st period - Icing by Drew O'Connor.
11:14 of 1st period - Teddy Blueger wins face-off versus Tomas Hertl in Montreal Canadiens zone.
11:19 of 1st period - Slapshot by Drew O'Connor.
11:19 of 1st period - Stopped by Casey DeSmith with a rebound.
12:16 of 1st period - Snap shot by Tom Wilson.
12:16 of 1st period - Stopped by Lukas Dostal with a rebound.
12:30 of 1st period - Justin Hryckowian is hit by John Carlson and loses puck.
12:49 of 1st period - Brad Marchand is hit by Nikita Zadorov and loses puck.
13:29 of 1st period - Wrist shot by Evgeni Dadonov.
13:29 of 1st period - Deflect By Drew O'Connor.
13:29 of 1st period - Stopped by Casey DeSmith without a rebound.
13:30 of 1st period - Fyodor Svechkov wins face-off versus Tomas Hertl in Washington Capitals zone.
14:27 of 1st period - Brad Marchand is hit by Stefan Noesen and loses puck.
14:40 of 1st period - Lars Eller is hit by Teddy Blueger and loses puck.
15:15 of 1st period - Snap shot by Jason Robertson.
15:15 of 1st period - Stopped by Lukas Dostal with a rebound.
15:34 of 1st period - Wrist shot by Fyodor Svechkov.
15:34 of 1st period - Stopped by Casey DeSmith without a rebound.
15:35 of 1st period - Tomas Hertl wins face-off versus Macklin Celebrini in Washington Capitals zone.
15:35 of 1st period - Tomas Hertl is hit by Juraj Slafkovsky.
16:09 of 1st period - Wrist shot by Alex Ovechkin.
16:09 of 1st period - Stopped by Lukas Dostal without a rebound.
16:10 of 1st period - Matt Duchene wins face-off versus Marco Rossi in Montreal Canadiens zone.
17:47 of 1st period - Snap shot by Tomas Hertl.
17:47 of 1st period - Shot Misses the Net.
17:49 of 1st period - Snap shot by Tomas Hertl.
17:49 of 1st period - Goal by Tomas Hertl - Washington Capitals : 2 - Montreal Canadiens : 0.
17:50 of 1st period - Tomas Hertl wins face-off versus Matt Duchene in neutral zone.
19:04 of 1st period - Slapshot by Fyodor Svechkov.
19:04 of 1st period - Stopped by Casey DeSmith without a rebound.
19:05 of 1st period - Lars Eller wins face-off versus Fyodor Svechkov in Washington Capitals zone.
19:12 of 1st period - Slapshot by Arttu Hyry.
19:12 of 1st period - Shot Blocked by Tyler Myers.
19:16 of 1st period - Snap shot by Arttu Hyry.
19:16 of 1st period - Stopped by Casey DeSmith with a rebound.
19:40 of 1st period - Wrist shot by Tomas Hertl.
19:40 of 1st period - Stopped by Lukas Dostal without a rebound.
19:41 of 1st period - Macklin Celebrini wins face-off versus Marco Rossi in Montreal Canadiens zone.
Goals for this period are 2 for Washington Capitals vs 0 for Montreal Canadiens.
Shots for this period are 18 for Washington Capitals vs 12 for Montreal Canadiens.
2nd period
0:01 of 2nd period - Shane Pinto wins face-off versus Matt Duchene in neutral zone.
0:06 of 2nd period - Patrik Laine is hit by Shane Pinto and loses puck.
0:15 of 2nd period - Snap shot by Brad Marchand.
0:15 of 2nd period - Shot Misses the Net.
0:27 of 2nd period - Damon Severson is hit by Tomas Hertl and loses puck.
0:54 of 2nd period - Slapshot by Evgeni Dadonov.
0:54 of 2nd period - Stopped by Casey DeSmith with a rebound.
1:08 of 2nd period - Snap shot by Marco Rossi.
1:08 of 2nd period - Shot Misses the Net.
1:10 of 2nd period - Snap shot by Sean Kuraly.
1:10 of 2nd period - Shot Misses the Net.
1:12 of 2nd period - Wrist shot by Sean Kuraly.
1:12 of 2nd period - Stopped by Lukas Dostal with a rebound.
1:32 of 2nd period - Snap shot by Brad Marchand.
1:32 of 2nd period - Stopped by Casey DeSmith with a rebound.
1:34 of 2nd period - Slapshot by Matt Duchene.
1:34 of 2nd period - Stopped by Casey DeSmith with a rebound.
1:36 of 2nd period - Snap shot by Patrik Laine.
1:36 of 2nd period - Shot Misses the Net.
1:38 of 2nd period - Wrist shot by Matt Duchene.
1:38 of 2nd period - Stopped by Casey DeSmith with a rebound.
1:40 of 2nd period - Slapshot by Patrik Laine.
1:40 of 2nd period - Stopped by Casey DeSmith with a rebound.
1:55 of 2nd period - Icing by Juraj Slafkovsky.
1:56 of 2nd period - Macklin Celebrini wins face-off versus Tomas Hertl in Montreal Canadiens zone.
2:59 of 2nd period - Wrist shot by Juraj Slafkovsky.
2:59 of 2nd period - Stopped by Casey DeSmith without a rebound.
3:00 of 2nd period - Shane Pinto wins face-off versus Patrik Laine in Washington Capitals zone.
3:27 of 2nd period - Nick Foligno is hit by Drew O'Connor and loses puck.
3:36 of 2nd period - Slapshot by Drew O'Connor.
3:36 of 2nd period - Stopped by Casey DeSmith with a rebound.
3:38 of 2nd period - Wrist shot by Teddy Blueger.
3:38 of 2nd period - Shot Blocked by Jamie Oleksiak.
3:45 of 2nd period - Icing by John Carlson.
3:46 of 2nd period - Tomas Hertl wins face-off versus Fyodor Svechkov in Washington Capitals zone.
4:18 of 2nd period - Slapshot by Marco Rossi.
4:18 of 2nd period - Deflect By Frederick Gaudreau.
4:18 of 2nd period - Shot Blocked by Teddy Blueger.
4:18 of 2nd period - Puck is out of play.
4:19 of 2nd period - Marco Rossi wins face-off versus Teddy Blueger in Montreal Canadiens zone.
4:51 of 2nd period - Wrist shot by Tom Wilson.
4:51 of 2nd period - Stopped by Lukas Dostal without a rebound.
4:52 of 2nd period - Matt Duchene wins face-off versus Marco Rossi in Montreal Canadiens zone.
5:23 of 2nd period - Wrist shot by Jason Robertson.
5:23 of 2nd period - Shot Misses the Net.
5:25 of 2nd period - Snap shot by Nick Foligno.
5:25 of 2nd period - Stopped by Lukas Dostal without a rebound.
5:26 of 2nd period - Shane Pinto wins face-off versus Macklin Celebrini in Montreal Canadiens zone.
6:02 of 2nd period - Snap shot by Drew O'Connor.
6:02 of 2nd period - Shot Blocked by Tyler Myers.
6:04 of 2nd period - Wrist shot by Drew O'Connor.
6:04 of 2nd period - Deflect By Evgeni Dadonov.
6:04 of 2nd period - Shot Misses the Net.
6:04 of 2nd period - Puck is out of play.
6:05 of 2nd period - Shane Pinto wins face-off versus Matt Duchene in Washington Capitals zone.
6:07 of 2nd period - Minor Penalty to Tom Wilson for High sticking.
6:08 of 2nd period - Frederick Gaudreau wins face-off versus Macklin Celebrini in Washington Capitals zone.
7:12 of 2nd period - Shane Pinto is hit by Damon Severson.
8:07 of 2nd period - Penalty to Tom Wilson is over, Tom Wilson is back on ice.
8:25 of 2nd period - Jamie Oleksiak is hit by Arttu Hyry and loses puck.
9:18 of 2nd period - Nick Foligno is hit by Josh Manson and loses puck.
9:29 of 2nd period - Snap shot by Nick Foligno.
9:29 of 2nd period - Stopped by Lukas Dostal without a rebound.
9:30 of 2nd period - Fyodor Svechkov wins face-off versus Frederick Gaudreau in Montreal Canadiens zone.
10:05 of 2nd period - Slapshot by Juraj Slafkovsky.
10:05 of 2nd period - Stopped by Casey DeSmith without a rebound.
10:06 of 2nd period - Matt Duchene wins face-off versus Tomas Hertl in Washington Capitals zone.
10:07 of 2nd period - Wrist shot by Brad Marchand.
10:07 of 2nd period - Goal by Brad Marchand - Washington Capitals : 2 - Montreal Canadiens : 1.
10:08 of 2nd period - Matt Duchene wins face-off versus Tomas Hertl in neutral zone.
11:00 of 2nd period - John Carlson is hit by Martin Necas and loses puck.
11:11 of 2nd period - Lars Eller is hit by Arttu Hyry.
11:19 of 2nd period - Snap shot by Arttu Hyry.
11:19 of 2nd period - Stopped by Casey DeSmith without a rebound.
11:20 of 2nd period - Tomas Hertl wins face-off versus Matt Duchene in Washington Capitals zone.
11:31 of 2nd period - Snap shot by Brad Marchand.
11:31 of 2nd period - Stopped by Casey DeSmith without a rebound.
11:32 of 2nd period - Evgeni Dadonov wins face-off versus Tomas Hertl in Washington Capitals zone.
11:36 of 2nd period - Icing by Tyler Myers.
11:37 of 2nd period - Tomas Hertl wins face-off versus Teddy Blueger in Washington Capitals zone.
12:48 of 2nd period - Wrist shot by Fyodor Svechkov.
12:48 of 2nd period - Goal by Fyodor Svechkov - Washington Capitals : 2 - Montreal Canadiens : 2.
12:49 of 2nd period - Tomas Hertl wins face-off versus Matt Duchene in neutral zone.
13:14 of 2nd period - John Carlson is hit by Teddy Blueger and loses puck.
13:41 of 2nd period - Wrist shot by Stefan Noesen.
13:41 of 2nd period - Shot Misses the Net.
14:19 of 2nd period - Lane Hutson is hit by Tyler Myers and loses puck.
14:54 of 2nd period - Icing by Brady Skjei.
14:55 of 2nd period - Teddy Blueger wins face-off versus Marco Rossi in Montreal Canadiens zone.
15:24 of 2nd period - Snap shot by Macklin Celebrini.
15:24 of 2nd period - Stopped by Casey DeSmith without a rebound.
15:25 of 2nd period - Tomas Hertl wins face-off versus Macklin Celebrini in Washington Capitals zone.
16:19 of 2nd period - Off-side.
16:20 of 2nd period - Shane Pinto wins face-off versus Matt Duchene in neutral zone.
16:23 of 2nd period - Josh Manson is hit by Ian Cole and loses puck.
16:30 of 2nd period - Tom Wilson is hit by Patrik Laine and loses puck.
16:45 of 2nd period - Evgeni Dadonov is hit by Ian Cole and loses puck.
16:54 of 2nd period - Slapshot by Brady Skjei.
16:54 of 2nd period - Shot Blocked by Stefan Noesen.
17:10 of 2nd period - Wrist shot by Drake Batherson.
17:10 of 2nd period - Shot Misses the Net.
17:12 of 2nd period - Slapshot by Ian Cole.
17:12 of 2nd period - Stopped by Lukas Dostal with a rebound.
17:14 of 2nd period - Snap shot by Ian Cole.
17:14 of 2nd period - Shot Misses the Net.
17:16 of 2nd period - Snap shot by Sean Kuraly.
17:16 of 2nd period - Stopped by Lukas Dostal with a rebound.
17:18 of 2nd period - Backhand shot by Tyler Myers.
17:18 of 2nd period - Shot Blocked by Damon Severson.
17:33 of 2nd period - Icing by Nick Jensen.
17:34 of 2nd period - Shane Pinto wins face-off versus Matt Duchene in Washington Capitals zone.
18:22 of 2nd period - Wrist shot by Tom Wilson.
18:22 of 2nd period - Stopped by Lukas Dostal with a rebound.
18:24 of 2nd period - Snap shot by Nick Jensen.
18:24 of 2nd period - Stopped by Lukas Dostal with a rebound.
18:26 of 2nd period - Slapshot by Tom Wilson.
18:26 of 2nd period - Stopped by Lukas Dostal without a rebound.
18:27 of 2nd period - Marco Rossi wins face-off versus Macklin Celebrini in Montreal Canadiens zone.
18:34 of 2nd period - Slapshot by Marco Rossi.
18:34 of 2nd period - Stopped by Lukas Dostal with a rebound.
Goals for this period are 0 for Washington Capitals vs 2 for Montreal Canadiens.
Shots for this period are 10 for Washington Capitals vs 13 for Montreal Canadiens.
3rd period
0:01 of 3rd period - Matt Duchene wins face-off versus Tomas Hertl in neutral zone.
0:27 of 3rd period - Icing by Ian Cole.
0:28 of 3rd period - Tomas Hertl wins face-off versus Teddy Blueger in Washington Capitals zone.
0:33 of 3rd period - Evgeni Dadonov is hit by Nick Foligno and loses puck.
1:17 of 3rd period - Wrist shot by Brad Marchand.
1:17 of 3rd period - Shot Misses the Net.
1:19 of 3rd period - Snap shot by Matt Duchene.
1:19 of 3rd period - Stopped by Casey DeSmith without a rebound.
1:20 of 3rd period - Alex Ovechkin wins face-off versus Matt Duchene in Washington Capitals zone.
1:20 of 3rd period - Minor Penalty to Jamie Oleksiak for Goalie Interference.
1:21 of 3rd period - Frederick Gaudreau wins face-off versus Matt Duchene in Washington Capitals zone.
1:58 of 3rd period - Snap shot by Brad Marchand.
1:58 of 3rd period - Shot Misses the Net.
2:16 of 3rd period - Snap shot by Nick Jensen.
2:16 of 3rd period - Shot Misses the Net.
2:34 of 3rd period - Tyler Myers is hit by Macklin Celebrini and loses puck.
3:20 of 3rd period - Penalty to Jamie Oleksiak is over, Jamie Oleksiak is back on ice.
3:21 of 3rd period - Lane Hutson is hit by Nikita Zadorov and loses puck.
3:55 of 3rd period - Slapshot by Owen Power.
3:55 of 3rd period - Stopped by Casey DeSmith with a rebound.
4:30 of 3rd period - Slapshot by Tom Wilson.
4:30 of 3rd period - Stopped by Lukas Dostal with a rebound.
4:39 of 3rd period - Icing by Tom Wilson.
4:40 of 3rd period - Teddy Blueger wins face-off versus Shane Pinto in Washington Capitals zone.
5:04 of 3rd period - Snap shot by Teddy Blueger.
5:04 of 3rd period - Shot Blocked by Tomas Hertl.
5:38 of 3rd period - Off-side.
5:39 of 3rd period - Macklin Celebrini wins face-off versus Lars Eller in neutral zone.
5:50 of 3rd period - Snap shot by Drake Batherson.
5:50 of 3rd period - Stopped by Lukas Dostal with a rebound.
6:04 of 3rd period - Snap shot by Marco Rossi.
6:04 of 3rd period - Stopped by Lukas Dostal with a rebound.
6:06 of 3rd period - Wrist shot by Tyler Myers.
6:06 of 3rd period - Shot Blocked by Adam Fox.
6:37 of 3rd period - Off-side.
6:38 of 3rd period - Matt Duchene wins face-off versus Tomas Hertl in neutral zone.
6:43 of 3rd period - Wrist shot by Brad Marchand.
6:43 of 3rd period - Shot Misses the Net.
6:45 of 3rd period - Snap shot by Brad Marchand.
6:45 of 3rd period - Shot Misses the Net.
6:47 of 3rd period - Snap shot by Patrik Laine.
6:47 of 3rd period - Shot Misses the Net.
7:25 of 3rd period - Wrist shot by Arttu Hyry.
7:25 of 3rd period - Stopped by Casey DeSmith with a rebound.
7:27 of 3rd period - Wrist shot by Arttu Hyry.
7:27 of 3rd period - Goal by Arttu Hyry - Washington Capitals : 2 - Montreal Canadiens : 3.
7:28 of 3rd period - Shane Pinto wins face-off versus Matt Duchene in neutral zone.
7:33 of 3rd period - Brady Skjei is hit by Shane Pinto and loses puck.
7:54 of 3rd period - Damon Severson is hit by Nick Foligno and loses puck.
8:01 of 3rd period - Jamie Oleksiak is hit by Brad Marchand and loses puck.
8:19 of 3rd period - Minor Penalty to Jamie Oleksiak for Interference.
8:20 of 3rd period - Macklin Celebrini wins face-off versus Frederick Gaudreau in Washington Capitals zone.
8:22 of 3rd period - Snap shot by Macklin Celebrini.
8:22 of 3rd period - Stopped by Casey DeSmith without a rebound.
8:23 of 3rd period - Macklin Celebrini wins face-off versus Frederick Gaudreau in Washington Capitals zone.
8:28 of 3rd period - Backhand shot by Macklin Celebrini.
8:28 of 3rd period - Deflect By Frederick Gaudreau.
8:28 of 3rd period - Shot Blocked by Ian Cole.
8:28 of 3rd period - Puck is out of play.
8:29 of 3rd period - Frederick Gaudreau wins face-off versus Macklin Celebrini in Washington Capitals zone.
8:50 of 3rd period - Wrist shot by Brad Marchand.
8:50 of 3rd period - Stopped by Casey DeSmith with a rebound.
8:52 of 3rd period - Slapshot by Adam Fox.
8:52 of 3rd period - Stopped by Casey DeSmith without a rebound.
8:53 of 3rd period - Matt Duchene wins face-off versus Frederick Gaudreau in Washington Capitals zone.
9:18 of 3rd period - Nick Foligno is hit by Brady Skjei and loses puck.
10:19 of 3rd period - Penalty to Jamie Oleksiak is over, Jamie Oleksiak is back on ice.
10:22 of 3rd period - Tyler Myers is hit by Damon Severson and loses puck.
11:01 of 3rd period - Wrist shot by Fyodor Svechkov.
11:01 of 3rd period - Stopped by Casey DeSmith with a rebound.
11:57 of 3rd period - Jamie Oleksiak is hit by Josh Manson and loses puck.
12:56 of 3rd period - Owen Power is hit by Tyler Myers and loses puck.
13:16 of 3rd period - Icing by Adam Fox.
13:17 of 3rd period - Macklin Celebrini wins face-off versus Tomas Hertl in Montreal Canadiens zone.
13:21 of 3rd period - Off-side.
13:22 of 3rd period - Macklin Celebrini wins face-off versus Tomas Hertl in neutral zone.
14:04 of 3rd period - Minor Penalty to Stefan Noesen for High sticking.
14:05 of 3rd period - Frederick Gaudreau wins face-off versus Matt Duchene in Washington Capitals zone.
14:18 of 3rd period - Tom Wilson is hit by Patrik Laine.
16:02 of 3rd period - Nick Foligno is hit by Arttu Hyry.
16:04 of 3rd period - Penalty to Stefan Noesen is over, Stefan Noesen is back on ice.
16:13 of 3rd period - Icing by Arttu Hyry.
16:14 of 3rd period - Fyodor Svechkov wins face-off versus Lars Eller in Montreal Canadiens zone.
16:21 of 3rd period - Slapshot by Drake Batherson.
16:21 of 3rd period - Shot Misses the Net.
16:23 of 3rd period - Wrist shot by Drake Batherson.
16:23 of 3rd period - Shot Misses the Net.
16:25 of 3rd period - Backhand shot by Nick Jensen.
16:25 of 3rd period - Stopped by Lukas Dostal without a rebound.
16:26 of 3rd period - Teddy Blueger wins face-off versus Alex Ovechkin in Montreal Canadiens zone.
17:41 of 3rd period - Teddy Blueger is hit by Tomas Hertl and loses puck.
18:06 of 3rd period - Macklin Celebrini is hit by Alex Ovechkin and loses puck.
18:45 of 3rd period - Washington Capitals, Casey DeSmith is pulled from the net.
18:52 of 3rd period - Icing by Josh Manson.
18:53 of 3rd period - Tomas Hertl wins face-off versus Matt Duchene in Montreal Canadiens zone.
18:54 of 3rd period - Snap shot by Alex Ovechkin.
18:54 of 3rd period - Stopped by Lukas Dostal without a rebound.
18:55 of 3rd period - Rod Brind'Amour call a timeout for Washington Capitals.
18:55 of 3rd period - Tomas Hertl wins face-off versus Teddy Blueger in Montreal Canadiens zone.
19:13 of 3rd period - Minor Penalty to Tom Wilson for Tripping.
19:14 of 3rd period - Casey DeSmith from Washington Capitals was sent back in the game.
19:14 of 3rd period - Matt Duchene wins face-off versus Frederick Gaudreau in Washington Capitals zone.
19:24 of 3rd period - Wrist shot by Martin Necas.
19:24 of 3rd period - Deflect By Matt Duchene.
19:24 of 3rd period - Shot Blocked by John Carlson.
19:24 of 3rd period - Puck is out of play.
19:25 of 3rd period - Matt Duchene wins face-off versus Shane Pinto in Washington Capitals zone.
19:34 of 3rd period - Snap shot by Martin Necas.
19:34 of 3rd period - Stopped by Casey DeSmith with a rebound.
19:36 of 3rd period - Snap shot by Damon Severson.
19:36 of 3rd period - Deflect By Shane Pinto.
19:36 of 3rd period - Goal by Damon Severson - Washington Capitals : 2 - Montreal Canadiens : 4.
19:37 of 3rd period - Teddy Blueger wins face-off versus Marco Rossi in neutral zone.
19:46 of 3rd period - Snap shot by Evgeni Dadonov.
19:46 of 3rd period - Deflect By Teddy Blueger.
19:46 of 3rd period - Stopped by Casey DeSmith without a rebound.
19:47 of 3rd period - Teddy Blueger wins face-off versus Marco Rossi in Washington Capitals zone.
Goals for this period are 0 for Washington Capitals vs 2 for Montreal Canadiens.
Shots for this period are 5 for Washington Capitals vs 11 for Montreal Canadiens.
Back to the Top